 Dungeon Crawl Stone Soup version 0.25-a0-663-gace7076f2c (webtiles) character file.

Game seed: 7349470139829924361, levelgen mode: deterministic

46 Aggronaut the Insei (level 3, 0/29 HPs)
             Began as a Demonspawn Monk on Mar 25, 2020.
             Succumbed to an adder's poison
             ... on level 2 of the Dungeon.
             The game lasted 00:04:48 (1215 turns).

Aggronaut the Insei (Demonspawn Monk)               Turns: 1215, Time: 00:04:49

Health: 0/29       AC:  2    Str: 10 (12) XL:     3   Next: 44%
Magic:  3/3        EV: 13    Int:  9 (11) God:
Gold:   18         SH:  0    Dex: 13 (15) Spells: 2/2 levels left

rFire    . . .     SeeInvis .     - Unarmed
rCold    . . .     Gourm    .   (no shield)
rNeg     . . .     Faith    .   a - +0 robe
rPois    .         Spirit   .   (helmet restricted)
rElec    .         Reflect  .   (no cloak)
rCorr    .         Harm     .   (no gloves)
MR       .....                  (no boots)
Stlth    ++........             (no amulet)
HPRegen  0.09/turn              (no ring)
MPRegen  0.08/turn              (no ring)

@: lethally poisoned (0 -> -5)
A: horns 2
a: no special abilities


You were on level 2 of the Dungeon.
You were not hungry.

You visited 1 branch of the dungeon, and saw 2 of its levels.

You collected 18 gold pieces.

Inventory:

Armour
 a - a +0 robe (worn)
Scrolls
 h - a scroll of magic mapping
 j - a scroll of enchant weapon {unknown}
Potions
 g - a potion of degeneration
Comestibles
 b - 3 rations
 d - a chunk of flesh


   Skills:
 - Level 3.0 Fighting
 - Level 2.6 Dodging
 + Level 2.5 Stealth
 * Level 3.7 Unarmed Combat


You had 2 spell levels left.
You didn't know any spells.
Your spell library contained the following spells:

 Spells                   Type           Power        Failure   Level  Hunger
 Confusing Touch          Hex            #.......     77%         3    ####...
 Gell's Gravitas          Tloc           #.........   77%         3    ####...
 Petrify                  Tmut/Erth      #.......     99%         4    #####..
 Metabolic Englaciation   Hex/Ice        #.........   100%        5    ######.
 Yara's Violent Unravell  Hex/Tmut       #.........   100%        5    ######.


Dungeon Overview and Level Annotations

Branches:
Dungeon (2/15)

Altars:

Annotations:
D:2 Terence


Innate Abilities, Weirdness & Mutations

You have a pair of horns on your head.


Message History

The adder bites you.
* * * LOW HITPOINT WARNING * * *
You barely miss the adder.
The adder is lightly wounded.
The adder closely misses you. The adder completely misses you.
You closely miss the adder.
The adder is lightly wounded.
The adder misses you. The adder closely misses you.
The adder barely misses you.
Found a sedimented amethyst potion.
The adder closely misses you.
A worm comes into view.
Found 11 gold pieces.
Found an escape hatch in the floor.
The adder bites you.
* * * LOW HITPOINT WARNING * * *
You are lethally poisoned!
The adder poisons you!
You die...

,,,.....,,,,,*,,,,*,,,,,,,,,,,,*
****#...##*,**.##.#.....,,,,,,,*
,*,**,...#*,,,..........,,,,*+**
,*,,,,,#.####*#?......#****,*,*
,*,***,#....# #.......# *,*,*
,*,*,,,#.##.###...!...# *,*,*
.#,*,**#.#............##***>*,***
...#+#*#.#..####....$>..,,,,*,,,,
......##.#..####@...w.#**********
.........#....S...#####,,,,,,,,,,
.........#.######.# *,*********
...........#*****+#****,*
...............,,,,,,**,*
######.........,,,,,,**+*********
*** #.........,,,,,,,,,,,,,,,,,,
,,***####...>..,,,,,,,,,,,,,,,,,,
*,,,,,,**......,,,,,,,,,,,,,,,,,,


You could see a worm (sleeping) and an adder.

Vanquished Creatures
  An adder (D:2)
  2 worms (D:2)
  2 dart slugs (D:1)
  4 goblins
  A hobgoblin (D:2)
  4 jackals (D:1)
  4 kobolds (D:1)
  6 bats (D:1)
  3 frilled lizards (D:1)
  A rat (D:1)
28 creatures vanquished.

Notes
Turn   | Place    | Note
-------+----------+-------------------------------------------
     0 | D:1      | Aggronaut the Demonspawn Monk began the quest for the Orb.
     0 | D:1      | Reached XP level 1. HP: 18/18 MP: 1/1
   191 | D:1      | Gained mutation: You have a pair of small horns on your
                  | head. [demonic ancestry]
   191 | D:1      | Reached XP level 2. HP: 21/24 MP: 2/2
   788 | D:2      | Noticed Terence
   812 | D:2      | Gained mutation: You have a pair of horns on your head.
                  | [demonic ancestry]
   812 | D:2      | Reached XP level 3. HP: 6/29 MP: 3/3
  1197 | D:2      | HP: 1/29 [adder (3)]
  1214 | D:2      | HP: 1/29 [adder (2)]
  1215 | D:2      | Succumbed to an adder's poison

Levels and vault maps discovered:
D:1:      dpeg_arrival_rhombi, layout_basic
D:2:      layout_basic, uniq_terence, uniq_jessica, uniq_natasha

Skill      XL: |  1 |
---------------+----+-----
Stealth        | 2 |  2.5
Unarmed Combat | 3 |  3.7
Fighting       | |  3.0
Dodging        | |  2.6

Action                   || total
-------------------------++-------
Melee: Unarmed           ||   119
       Punch             ||     1
       Headbutt          ||    13
  Use: Scroll            ||     3
       Potion            ||     3
 Stab: Sleeping          ||     1
  Eat: Chunk             ||     1
Armor: Robe              ||    18
       Skin              ||     7
Dodge: Dodged            ||   103

Table legend:
 A = Non-vault XP
 B = Vault XP
 C = Vault XP percentage of total XP
 D = Non-vault monster count
 E = Vault monster count
 F = Vault count percentage of total count
                 A         B        C        D         E       F
            +---------+---------+-------+---------+---------+-------
      Total |      66 |       0 |   0.0 |      28 |       0 |   0.0
            +---------+---------+-------+---------+---------+-------
        D:1 |      39 |       0 |   0.0 |      23 |       0 |   0.0
        D:2 |      27 |       0 |   0.0 |       5 |       0 |   0.0
            +---------+---------+-------+---------+---------+-------
